 Dungeon Crawl Stone Soup version 0.30-a0-860-g512cf1e979 (webtiles) character file.

Game seed: 6748248797566822857

16 ryw the Charlatan (level 2, -3/20 HPs)
             Began as a Gnoll Wanderer on Mar 7, 2023.
             Frozen to death by an endoplasm (5 damage)
             ... on level 2 of the Dungeon.
             The game lasted 00:02:46 (607 turns).

ryw the Charlatan (Gnoll Wanderer)                   Turns: 607, Time: 00:02:46

Health: -3/20      AC:  2    Str: 10    XL:     2   Next: 58%
Magic:  2/5        EV: 11    Int: 10    God:
Gold:   44         SH:  0    Dex: 13    Spells: 5/6 levels left

rFire   . . .      SeeInvis .    a - +0 spear
rCold   . . .      Faith    .    (no shield)
rNeg    . . .      Spirit   .    d - +0 robe
rPois   .          Reflect  .    (no helmet)
rElec   .          Rampage  .    (no cloak)
rCorr   .                        (no gloves)
Will    .....                    (no boots)
Stlth   ++                       (no amulet)
HPRegen 0.23/turn                (no ring)
MPRegen 0.09/turn                (no ring)

@: no status effects
A: fangs 1, strong nose, distributed training
a: no special abilities


You were on level 2 of the Dungeon.
You visited 1 branch of the dungeon, and saw 2 of its levels.

You collected 44 gold pieces.

Inventory:

Hand Weapons
 a - a +0 spear (weapon)
Missiles
 l - 2 atropa-tipped darts
Armour
 d - a +0 robe (worn)
Wands
 b - a wand of flame (5)
Scrolls
 f - 2 scrolls of identify {unknown}
 g - a scroll of enchant armour {unknown}
 k - a scroll of noise {unknown}
Potions
 c - a potion of haste
 e - 2 potions of curing {unknown}
 h - 2 potions of lignification {unknown}
 i - a potion of cancellation {unknown}
 j - a potion of mutation {unknown}


   Skills:
 + Level 0.5 Fighting
 + Level 0.5 Short Blades
 + Level 0.5 Long Blades
 + Level 0.5 Axes
 + Level 0.5 Maces & Flails
 + Level 2.5 Polearms
 + Level 0.5 Staves
 + Level 0.5 Ranged Weapons
 + Level 0.5 Throwing
 + Level 2.5 Armour
 + Level 0.5 Dodging
 + Level 2.3 Stealth
 + Level 0.5 Shields
 + Level 0.5 Unarmed Combat
 + Level 2.7 Spellcasting
 + Level 0.3 Conjurations
 + Level 0.3 Hexes
 + Level 5.3 Summonings
 + Level 0.3 Necromancy
 + Level 0.3 Translocations
 + Level 0.3 Transmutations
 + Level 0.3 Fire Magic
 + Level 0.3 Ice Magic
 + Level 0.3 Air Magic
 + Level 0.3 Earth Magic
 + Level 0.3 Poison Magic
 + Level 0.6 Invocations
 + Level 6.5 Evocations


You had 5 spell levels left.
You knew the following spells:

 Your Spells              Type           Power      Damage    Failure   Level
a - Summon Small Mammal   Summ           48%        N/A       3%          1

Your spell library contained the following spells:

 Spells                   Type           Power      Damage    Failure   Level
 Summon Guardian Golem    Hex/Summ       7%         N/A       26%         3
 Animate Armour           Summ/Erth      14%        N/A       65%         4


Dungeon Overview and Level Annotations

Branches:
Dungeon (2/15)

Altars:


Innate Abilities, Weirdness & Mutations

You have very sharp teeth.
Your uncanny sense of smell can sniff out nearby items.
Your experience applies equally to all skills.


Message History

Your rat disappears in a puff of smoke!
You swap places.
Your quokka disappears in a puff of smoke!
Found 2 atropa-tipped darts.
Found a stone staircase leading down.
You see here 2 atropa-tipped darts.
l - 2 atropa-tipped darts Done exploring.
Done exploring.
There is a stone staircase leading down here.
You climb downwards.
Found a dagger.
There is a stone staircase leading up here.
The jackal barks!
The endoplasm freezes you.
You are frozen.
The jackal barks!
The hobgoblin shouts!
The jackal barely misses you. The jackal bites your rat.
Your rat dies!
Your rat's corpse disappears in a puff of smoke!
The endoplasm hits you.
You hit the endoplasm.
The endoplasm is almost dead.
The jackal barely misses you. The jackal bites you.
A ball python comes into view.
Your quokka barely misses the jackal.
The jackal barely misses you. The jackal closely misses you.
The endoplasm closely misses you.
The ball python moves out of view.
The jackal bites you. x3; Your quokka barely misses the jackal.
The endoplasm hits you but does no damage.
The jackal barely misses you. The jackal bites you.
The jackal closely misses you.
Your quokka bites the jackal.
Your quokka barely misses the jackal.
The jackal barely misses you. The jackal bites you.
* * * LOW HITPOINT WARNING * * *
The jackal bites you.
* * * LOW HITPOINT WARNING * * *
The endoplasm freezes you.
You are frozen.
You die...

# #######
#.......#
#.#...#.#
#.......##.
#..@h...)..
#.hJhr..##.
#.#..r#.#
#........#
#. #####g#
#. .# # S .


You could see an endoplasm, 3 jackals, a hobgoblin, a ball python and 2 friendly
quokkas.

Vanquished Creatures
  2 bats (D:1)
  An endoplasm (D:1)
  A giant cockroach (D:1)
  A goblin (D:1)
  2 hobgoblins (D:1)
  A kobold (D:1)
  A ball python (D:1)
  A rat (D:1)
10 creatures vanquished.

Vanquished Creatures (collateral kills)
  An endoplasm (D:1)
  2 goblins (D:1)
  A kobold (D:1)
4 creatures vanquished.

Vanquished Creatures (others)
  A plant (D:1)
1 creature vanquished.

Grand Total: 15 creatures vanquished

Notes
Turn   | Place    | Note
-------+----------+-------------------------------------------
     0 | D:1      | ryw the Gnoll Wanderer began the quest for the Orb.
     0 | D:1      | ryw set off with the following items: a +0 spear, a wand of
                  | flame (5), a potion of haste, a +0 robe; and the following
                  | spell memorised: Summon Small Mammal; and the following
                  | spells available to memorise: Summon Guardian Golem,
                  | Animate Armour.
     0 | D:1      | Reached XP level 1. HP: 13/13 MP: 4/4
   153 | D:1      | Reached XP level 2. HP: 14/19 MP: 3/5
   179 | D:1      | Found a faded altar of an unknown god.
   607 | D:2      | Frozen to death by an endoplasm

Illustrated notes

Levels and vault maps discovered:
D:1:      dpeg_arrival_water_temple_mockup, layout_rooms,
          shapermc_ecumenical_altar_mp_urbaneastern
D:2:      layout_loops_cross, uniq_robin, uniq_jessica

Action                     || total
---------------------------++-------
  Melee: Spear             ||    38
         Bite              ||     2
   Cast: Summon Small Mamm ||    15
   Stab: Sleeping          ||     2
 Armour: Robe              ||     4
  Dodge: Dodged            ||    23

Table legend: (Time is in decaauts)
 A = Elapsed time spent in this place.
 B = Non-inter-level travel time spent in this place.
 C = Inter-level travel time spent in this place.
 D = Time resting spent in this place.
 E = Time spent auto-exploring this place.
 F = Levels seen in this place.
 G = Mean time per level.
                   A        B        C        D        E       F      G
               +--------+--------+--------+--------+--------+-----+--------+
         Total |    605 |    605 |      0 |      0 |    476 |   2 |  302.5 |
       Dungeon |    605 |    605 |      0 |      0 |    476 |   2 |  302.5 |
               +--------+--------+--------+--------+--------+-----+--------+

Top non-repeatable levels by time:
     D:1: 601 daAuts
     D:2: 4 daAuts
